 Dungeon Crawl Stone Soup version 0.31-a0-977-gc230f8ef24 (webtiles) character file.

Game seed: 7200236817428345121

1306 sammy202020 the Trooper (level 8, 0/52 HPs)
             Began as a Gargoyle Berserker on Oct 28, 2023.
             Was a Believer of Trog.
             Slain by a two-headed ogre
             ... wielding a +0 giant club
              (27 damage)
             ... on level 5 of the Dungeon on Oct 30, 2023.
             The game lasted 00:07:05 (3609 turns).

sammy202020 the Trooper (Gargoyle Berserker)        Turns: 3609, Time: 00:07:05

Health: 0/52       AC: 18    Str: 32    XL:     8   Next: 57%
Magic:  8/8        EV: 10    Int:  8    God:    Trog [**....]
Gold:   413        SH:  5    Dex: 10    Spells: 7/7 levels left

rFire   . . .        s - +7 dire flail (venom)
rCold   . . .        (shield currently unavailable)
rNeg    + . .        f - +1 chain mail
rPois   ∞            u - +0 helmet
rElec   +            (no cloak)
rCorr   .            (no gloves)
SInv    .            (no boots)
Will    .....        c - amulet of reflection Stlth
                     b - +6 ring of strength
HPRegen 0.28/turn    (no ring)
MPRegen 0.11/turn

%: reflection
@: no status effects
A: sickness immunity, AC +5, negative energy resistance 1, electricity
resistance, torment resistance 1, petrification resistance, thin skeletal
structure 1, strong 1
a: Renounce Religion, Berserk, Trog's Hand


You were on level 5 of the Dungeon.
You worshipped Trog.
Trog was pleased with you.
You visited 1 branch of the dungeon, and saw 5 of its levels.

You collected 413 gold pieces.

Inventory:

Hand Weapons
 a - a +0 mace
 h - a +0 morningstar
 s - a +7 dire flail of venom (weapon)
Missiles
 r - 3 poisoned darts
Armour
 f - a +1 chain mail (worn)
 u - a +0 helmet (worn)
Jewellery
 b - a +6 ring of strength (left hand)
 c - an amulet of reflection (around neck)
Wands
 k - a wand of mindburst (15)
 p - a wand of polymorph (6)
Scrolls
 d - 2 scrolls of enchant armour
 e - a scroll of brand weapon {unknown}
 g - a scroll of acquirement {unknown}
Potions
 i - a potion of heal wounds
 j - a potion of attraction {unknown}
 l - a potion of ambrosia
 m - a potion of brilliance
 n - a potion of enlightenment
 o - 2 potions of lignification
 q - a potion of haste
 t - a potion of invisibility {unknown}


   Skills:
 * Level 6.8 Fighting
 * Level 6.0 Maces & Flails
 * Level 6.2 Armour
 + Level 3.5 Dodging


You had 7 spell levels left.
You didn't know any spells.
Your spell library was empty.

Dungeon Overview and Level Annotations

Branches:
Dungeon (5/15)             Temple (0/1) D:4

Altars:

Annotations:
D:4 2 runed translucent doors


Innate Abilities, Weirdness & Mutations

You are immune to sickness and miasma.
Your stone body is resilient. (AC +5)
You are immune to poison.
You resist negative energy. (rN+)
You are resistant to electric shocks. (rElec)
You are resistant to unholy torment.
You are immune to petrification.
You have a somewhat thin skeletal structure. (Dex +2, Stealth+)
Your muscles are strong. (Str +4, Int/Dex -1)


Message History

Found a scale mail.
You see here a +0 scale mail.
You now have 413 gold pieces (gained 10).
You see here a +0 scale mail.
You see here the +2 leather armour "Tuwk" {Str+3}.
No target in view!
A hound comes into view.
A hound is nearby!
A hound is nearby!
A two-headed ogre comes into view.
It is wielding a +0 giant club and a +0 dire flail.
The two-headed ogre shouts in stereo!
An iguana comes into view.
A hound comes into view.
The iguana hisses angrily.
The hound barks!
You hear a shout!
An ufetubus comes into view.
The hound moves out of view.
The hound attacks as it pursues you!
The hound bites you but does no damage. x2
You barely miss the hound. The hound bites you but does no damage.
A white imp comes into view.
You closely miss the hound. The hound bites you but does no damage.
You block the hound's attack.
You puncture the hound!
The hound is poisoned.
The hound is severely wounded.
You barely miss the two-headed ogre. You barely miss the two-headed ogre.
The two-headed ogre hits you with a +0 giant club.
The two-headed ogre barely misses you.
You barely miss the two-headed ogre.
The two-headed ogre hits you with a +0 giant club!!
The two-headed ogre barely misses you.
You sock the two-headed ogre!
The two-headed ogre is lightly wounded.
You kill the hound!
Trog accepts your kill.
You hit the two-headed ogre but do no damage.
The two-headed ogre is poisoned.
The two-headed ogre is lightly wounded.
The two-headed ogre hits you with a +0 giant club!!
Ouch! That really hurt!
You die...

...# #....######........###.# ##.
#..# #....##................###..
...# #....##.####.....####......#
#..# #....##.# ##...## .##...
...# #.....#.# ##.## . ###.#
######.....#.## #.# ..# #..
##....#.#..#..## +#.#'.# #.#
##.##.#........###l..###.. #..
##.##.####......@Oh8....^.. ##.
...#...........###5..###... #.
...########...## '#.#+ ..# #.
...########..## #.# #..# #.
..#......##..# ##.# #..# #.
.....)...##..# ##...## #..# #.
..#.)).......####.....####..####.
..#..#.#.#.......................
..#..)))..........#...........#..


You could see a two-headed ogre (very poisoned), an iguana, a hound and an
ufetubus.

Vanquished Creatures
  Edmund (D:4)
  A water moccasin (D:4)
  An ice beast (D:5)
  A sky beast (D:4)
  An ogre (D:4)
  2 phantoms
  A bullfrog (D:4)
  2 scorpions
  2 hounds (D:5)
  A gnoll bouda (D:5)
  3 iguanas
  Terence (D:3)
  3 orc wizards
  Natasha (thrice) (D:4)
  Ijyb (D:3)
  3 gnolls (D:5)
  3 adders
  A worm (D:3)
  7 dart slugs
  9 orcs
  5 endoplasms
  3 giant cockroaches
  8 goblins
  3 hobgoblins
  A jackal (D:1)
  5 kobolds
  2 quokkas (D:4)
  2 ball pythons (D:1)
  A bat (D:2)
  A frilled lizard (D:1)
  3 rats
81 creatures vanquished.

Notes
Turn   | Place    | Note
-------+----------+-------------------------------------------
     0 | D:1      | sammy202020 the Gargoyle Berserker began the quest for the
                  | Orb.
     0 | D:1      | Reached XP level 1. HP: 14/14 MP: 1/1
     0 | D:1      | Upgraded the game from 0.31-a0-968-g24f9ace8b5 to
                  | 0.31-a0-977-gc230f8ef24
    31 | D:1      | Reached XP level 2. HP: 12/19 MP: 2/2
   527 | D:1      | Reached XP level 3. HP: 23/24 MP: 3/3
   549 | D:1      | Found a faded altar of an unknown god.
  1140 | D:3      | Noticed Terence
  1156 | D:3      | Killed Terence
  1157 | D:3      | Reached XP level 4. HP: 13/29 MP: 4/4
  1484 | D:3      | Reached ** piety under Trog
  1647 | D:3      | Noticed Ijyb
  1656 | D:3      | Killed Ijyb
  2038 | D:3      | Gained mutation: Your muscles are strong. (Str +4, Int/Dex
                  | -1) [potion of mutation]
  2038 | D:3      | Gained mutation: You have a somewhat thin skeletal
                  | structure. (Dex +2, Stealth+) [potion of mutation]
  2074 | D:4      | Found a staircase to the Ecumenical Temple.
  2137 | D:4      | Noticed an ogre
  2145 | D:4      | Killed an ogre
  2146 | D:4      | Reached XP level 5. HP: 32/34 MP: 5/5
  2157 | D:4      | Found a large runed translucent door.
  2157 | D:4      | Found a large runed translucent door.
  2162 | D:4      | Noticed a water moccasin
  2172 | D:4      | Reached XP level 6. HP: 40/40 MP: 6/6
  2177 | D:4      | Killed a water moccasin
  2178 | D:4      | Reached skill level 5 in Fighting
  2178 | D:4      | Found a large runed translucent door.
  2178 | D:4      | Found a large runed translucent door.
  2275 | D:4      | Reached XP level 7. HP: 37/44 MP: 7/7
  2458 | D:4      | Noticed Natasha
  2468 | D:4      | Killed Natasha
  2708 | D:4      | Noticed Edmund
  2722 | D:4      | Killed Edmund
  2723 | D:4      | Reached skill level 5 in Maces & Flails
  2723 | D:4      | Reached skill level 5 in Armour
  2920 | D:4      | Noticed Natasha
  2926 | D:4      | Killed Natasha
  3210 | D:4      | Noticed Natasha
  3215 | D:4      | Killed Natasha
  3216 | D:4      | Reached XP level 8. HP: 51/51 MP: 8/8
  3223 | D:5      | Entered Level 5 of the Dungeon
  3562 | D:5      | Identified the +2 leather armour "Tuwk" {Str+3}
  3599 | D:5      | Noticed a two-headed ogre
  3609 | D:5      | Slain by a two-headed ogre

Illustrated notes

Levels and vault maps discovered:
D:1:      dpeg_arrival_tiny_i, layout_rooms,
          hellmonk_ecumenical_altar_defaced_shrine, st_stairs_11,
          dreamdust_wishing_well, minmay_stone_trees_large
D:2:      layout_basic, grunt_decor_one_mirror
D:3:      layout_loops_ring, uniq_ijyb, uniq_terence
D:4:      layout_gridville, minmay_temple_entry_overgrown,
          minmay_hollow_rounded_squares, uniq_natasha, uniq_edmund
D:5:      cheibrodos_barr_body, layout_basic, serial_glass, glass_columns_b,
          glass_columns_b, glass_columns_b, glass_columns_b, glass_columns_c,
          glass_columns_c, glass_columns_b, glass_columns_c

Skill      XL: |  1  2  3  4  5  6  7  8 |
---------------+-------------------------+-----
Fighting       | 4 5 6 |  6.8
Armour         | 3 4 5 6 |  6.2
Dodging        | 2 3 |  3.5
Maces & Flails | 4 5 6 |  6.0

Action                     |  1- 3 |  4- 6 |  7- 9 || total
---------------------------+-------+-------+-------++-------
  Melee: Mace              |    96 |     3 |       ||    99
         Morningstar       |       |    60 |    33 ||    93
         Dire flail        |       |       |    78 ||    78
 Invoke: Berserk           |     1 |     1 |     3 ||     5
    Use: Scroll            |     2 |     8 |     6 ||    16
         Potion            |       |     1 |       ||     1
   Stab: Sleeping          |       |       |     1 ||     1
 Armour: Animal skin       |     6 |       |       ||     6
         Leather armour    |    11 |       |       ||    11
         Ring mail         |    29 |       |       ||    29
         Chain mail        |     9 |    45 |    93 ||   147
         Skin              |       |     2 |       ||     2
  Dodge: Dodged            |    59 |    25 |    37 ||   121
  Block: Other             |    10 |    17 |    23 ||    50
         Reflection        |       |       |     1 ||     1

Table legend: (Time is in decaauts)
 A = Elapsed time spent in this place.
 B = Non-inter-level travel time spent in this place.
 C = Inter-level travel time spent in this place.
 D = Time resting spent in this place.
 E = Time spent auto-exploring this place.
 F = Levels seen in this place.
 G = Mean time per level.
                   A        B        C        D        E       F      G
               +--------+--------+--------+--------+--------+-----+--------+
         Total |   3715 |   3637 |     78 |    451 |   2381 |   5 |  743.0 |
       Dungeon |   3715 |   3637 |     78 |    451 |   2381 |   5 |  743.0 |
               +--------+--------+--------+--------+--------+-----+--------+

Top non-repeatable levels by time:
     D:4: 1217 daAuts
     D:3: 942 daAuts
     D:1: 757 daAuts
     D:2: 401 daAuts
     D:5: 396 daAuts
